 Dungeon Crawl Stone Soup version 0.28-a0-1518-gbe868bca14 (webtiles) character file.

Game seed: 17304808752177667033

276 croobank the Caller (level 6, -2/45 HPs)
             Began as a Draconian Summoner on Jan 16, 2022.
             Slain by an orc (4 damage)
             ... on level 4 of the Dungeon.
             The game lasted 00:21:29 (5293 turns).

croobank the Caller (Draconian Summoner)            Turns: 5293, Time: 00:21:30

Health: -2/45      AC:  6    Str: 11    XL:     6   Next: 4%
Magic:  13/19      EV: 13    Int: 17    God:
Gold:   20         SH:  0    Dex: 14    Spells: 2/11 levels left

rFire   . . .      SeeInvis .   a - +5 long sword of Defence by Offence {elec, Will+ Dex+3}
rCold   . . .      Faith    .   (no shield)
rNeg    . . .      Spirit   .   (armour unavailable)
rPois   +          Reflect  .   (helmet restricted)
rElec   .          Harm     .   (no cloak)
rCorr   .          Rampage  .   (no gloves)
Will    +....                   (no boots)
Stlth   ++........              (no amulet)
HPRegen 0.15/turn               e - ring of magical power
MPRegen 0.16/turn               m - ring of poison resistance

@: no status effects
A: AC +6, unfitting armour, cold-blooded
a: no special abilities


You were on level 4 of the Dungeon.
You visited 1 branch of the dungeon, and saw 4 of its levels.

You collected 130 gold pieces.
You spent 110 gold pieces at shops.

Inventory:

Hand Weapons
 a - the +5 long sword of Defence by Offence (weapon) {elec, Will+ Dex+3}
   (You took it off a hobgoblin on level 3 of the Dungeon)

   It occasionally discharges a powerful burst of electricity upon striking a
   foe.
   Dex:       It affects your dexterity (+3).
   Will:      It increases your willpower.
 d - a +0 whip
 i - a +0 antimagic short sword
 q - a +0 war axe
 w - a +0 short sword of draining
 z - a +0 scythe
Missiles
 g - 11 poisoned darts
 h - 82 stones
 l - a throwing net
 n - 17 sling bullets
 v - 3 atropa-tipped darts (quivered)
Armour
 c - a +2 cloak
Jewellery
 e - a ring of magical power (left hand)
 m - a ring of poison resistance (right hand)
 u - a ring of protection from fire
Wands
 j - a wand of iceblast (7)
 r - a wand of digging (9)
Scrolls
 k - 2 scrolls of immolation
 s - a scroll of blinking
 t - a scroll of teleportation
 x - a scroll of amnesia
 y - a scroll of identify
Potions
 b - a potion of flight
 f - a potion of might
 o - 2 potions of mutation
 p - a potion of brilliance
 A - a potion of heal wounds


   Skills:
 * Level 1.5 Long Blades
 + Level 3.1 Dodging
 + Level 3.3 Stealth
 + Level 3.2 Spellcasting
 + Level 4.9 Summonings


You had 2 spell levels left.
You knew the following spells:

 Your Spells              Type           Power      Damage    Failure   Level
a - Summon Small Mammal   Summ           76%        N/A       2%          1
b - Call Imp              Summ           19%        N/A       3%          2
c - Call Canine Familiar  Summ           19%        N/A       7%          3
d - Summon Guardian Gole  Hex/Summ       11%        N/A       19%         3

Your spell library contained the following spells:

 Spells                   Type           Power      Damage    Failure   Level
 Summon Lightning Spire   Summ/Air       11%        N/A       52%         4


Dungeon Overview and Level Annotations

Branches:
Dungeon (4/15)
 Temple: D:4-7

Altars:

Shops:
D:1 !!(!?


Innate Abilities, Weirdness & Mutations

Your plain brown scales are hard. (AC +6)
You cannot fit into any form of body armour.
You are cold-blooded and may be slowed by cold attacks.


Message History

The orc priest looks satisfied for a moment.
The orc closely misses you.
Your hound bites the orc.
You hit something.
Your hound bites the orc.
Your white imp closely misses the orc.
The orc barely misses your hound. Something hits you.
The orc closely misses you.
Your hound bites the orc but does no damage.
Your white imp barely misses the orc.
Unknown command.
You miss something.
Your hound bites the orc.
The orc dies!
Something hits you.
Your hound barely misses the orc priest.
You hear some strange, mumbled words.
A puff of flame appears from out of thin air!
The puff of flame hits you.
Your hound barely misses the orc priest.
Your white imp hits the orc priest.
Your white imp freezes the orc priest.
Your hound bites the orc priest.
The orc priest hits your guardian golem but does no damage.
The orc priest closely misses your hound.
The orc priest hits your white imp but does no damage.
The orc priest casts a cantrip, but nothing happens.
Something hits you but does no damage.
Your hound bites the orc priest but does no damage.
The orc priest hits your guardian golem with a +0 hand axe.
The orc priest hits your white imp with a +0 hand axe.
The orc priest barely misses your hound.
Your hound closely misses the orc priest.
Your white imp disappears in a puff of smoke!
Your hound bites the orc priest but does no damage.
The orc priest hits your guardian golem but does no damage.
The orc priest closely misses your hound.
The orc priest hits your guardian golem but does no damage.
The orc priest closely misses your hound.
You barely miss the orc.
The orc priest invokes the aid of Beogh against you.
Beogh smites you!
* * * LOW HITPOINT WARNING * * *
The orc hits you with a +0 war axe.
You die...

##........#.####.####.###.#
......................# #.#
.#.########.####.########.#
#.# #.# ##[.<..# #
###.#.###.###.....## # #.
$.###..#..........#
#.##.####.#.#.#.###.^....#
#.......#...#.#.# ##...#.#
........g.oo@...## ##.##.#
............#....# #.##.#
#.....)o9h§####..# #.##.#
#...>....### #..# #.##.#
........## #..# #.##.#
#.......# #..# #.##.#
#.####.## #..# ##.##.# # #.
#..###...#.# #.
#..........#


You could see 2 orc priests, an orc, a hobgoblin, a friendly guardian golem
(summoned) and a friendly hound (summoned, sheltered).

Vanquished Creatures
  A scorpion (D:4)
  A bullfrog zombie (D:3)
  A hound (D:2)
  An adder (D:2)
  A worm (D:3)
  2 dart slugs
  2 orcs (D:3)
  6 endoplasms
  3 giant cockroaches
  9 goblins
  5 hobgoblins
  2 jackals (D:1)
  5 kobolds
  2 quokkas
  4 ball pythons
  5 bats
  5 frilled lizards
  4 rats
59 creatures vanquished.

Vanquished Creatures (collateral kills)
  An orc priest (D:3)
  Robin (D:2)
  An adder (D:2)
  3 orcs
  2 endoplasms
  4 goblins (D:2)
  4 hobgoblins
  2 jackals (D:3)
  2 quokkas (D:2)
  2 ball pythons (D:2)
  3 bats (D:2)
  2 rats
27 creatures vanquished.

Vanquished Creatures (others)
  7 demonic plants (D:3)
  8 fungi (D:3)
  9 plants (D:3)
  3 withered plants (D:3)
27 creatures vanquished.

Grand Total: 113 creatures vanquished

Notes
Turn   | Place    | Note
-------+----------+-------------------------------------------
     0 | D:1      | croobank the Draconian Summoner began the quest for the
                  | Orb.
     0 | D:1      | Reached XP level 1. HP: 14/14 MP: 3/3
    65 | D:1      | Found Tazetzon's Distillery.
   361 | D:1      | Found Zotack's Weapon Shoppe.
   391 | D:1      | Found Ronig's Distillery.
   407 | D:1      | Reached XP level 2. HP: 20/20 MP: 5/5
   410 | D:1      | Learned a level 2 spell: Call Imp
  1051 | D:1      | Found Xeix's Distillery.
  1190 | D:1      | Found Hyajid's Magic Scroll Emporium.
  1208 | D:1      | Bought a scroll of identify for 22 gold pieces
  1718 | D:3      | Upgraded the game from 0.28-a0-1510-gd0f6b136d3 to
                  | 0.28-a0-1518-gbe868bca14
  2080 | D:2      | Reached XP level 3. HP: 18/26 MP: 6/6
  2313 | D:2      | Noticed Robin
  2551 | D:1      | Learned a level 3 spell: Call Canine Familiar
  2560 | D:2      | Killed Robin
  3081 | D:2      | Reached XP level 4. HP: 11/33 MP: 5/7
  3874 | D:3      | Reached XP level 5. HP: 13/38 MP: 6/9
  4160 | D:3      | Identified the +5 long sword of Defence by Offence {elec,
                  | Will+ Dex+3}
  4162 | D:3      | Found a faded altar of an unknown god.
  4297 | D:3      | Learned a level 3 spell: Summon Guardian Golem
  4342 | D:3      | Reached skill level 1 in Long Blades
  4986 | D:1      | Bought 2 scrolls of identify for 44 gold pieces
  4986 | D:1      | Bought a scroll of identify for 22 gold pieces
  4986 | D:1      | Bought a scroll of identify for 22 gold pieces
  5143 | D:4      | Reached XP level 6. HP: 41/45 MP: 10/10
  5293 | D:4      | HP: 2/45 [orc priest/divine providence (14)]
  5293 | D:4      | Slain by an orc

Illustrated notes

Levels and vault maps discovered:
D:1:      saegor_arrival_fortress, layout_basic, serial_shops, shop, shop,
          nicolae_shop_statue_plus, shop, shop, lemuel_another_geyser
D:2:      layout_loops_ring, minmay_increasing_density, uniq_robin
D:3:      layout_loops_ring, shapermc_ecumenical_altar_gd
D:4:      minmay_evil_eye, layout_loops_ring,
          minmay_temple_entry_statues_fountains

Skill      XL: |  1  2  3  4  5 |
---------------+----------------+-----
Dodging        | 2 3 |  3.1
Stealth        | 2 3 |  3.3
Spellcasting   | 3 |  3.2
Long Blades    | 1 |  1.5
Summonings     | |  4.9

Action                   |  1- 3 |  4- 6 || total
-------------------------+-------+-------++-------
Melee: Unarmed           |    22 |       ||    22
       Tailslap          |    14 |    13 ||    27
       Whip              |   106 |       ||   106
       Punch             |     1 |     1 ||     2
       Short sword       |    21 |    58 ||    79
       Long sword        |       |    27 ||    27
Throw: Dart              |       |     1 ||     1
 Cast: Summon Small Mamm |    13 |    12 ||    25
       Call Imp          |     8 |     5 ||    13
       Call Canine Famil |     1 |     6 ||     7
       Summon Guardian G |       |     1 ||     1
  Use: Scroll            |     5 |     9 ||    14
       Potion            |     2 |       ||     2
 Stab: Distracted        |     1 |       ||     1
       Sleeping          |     3 |     4 ||     7
Armor: Skin              |    56 |    39 ||    95
Dodge: Dodged            |   123 |    55 ||   178

Table legend: (Time is in decaauts)
 A = Elapsed time spent in this place.
 B = Non-inter-level travel time spent in this place.
 C = Inter-level travel time spent in this place.
 D = Time resting spent in this place.
 E = Time spent auto-exploring this place.
 F = Levels seen in this place.
 G = Mean time per level.
                   A        B        C        D        E       F      G
               +--------+--------+--------+--------+--------+-----+--------+
         Total |   5324 |   4975 |    349 |   1090 |   2846 |   4 | 1331.0 |
       Dungeon |   5324 |   4975 |    349 |   1090 |   2846 |   4 | 1331.0 |
               +--------+--------+--------+--------+--------+-----+--------+

Top non-repeatable levels by time:
     D:2: 2116 daAuts
     D:1: 1836 daAuts
     D:3: 1176 daAuts
     D:4: 194 daAuts
